 Dungeon Crawl Stone Soup version 0.26.0-7-g794d0892b4 (webtiles) character file.

Game seed: 7345126194969550996

44 jackrogers the Slasher (level 3, 0/25 HPs)
             Began as a Vampire Abyssal Knight on Jan 12, 2021.
             Was a Believer of Lugonu.
             Slain by an adder zombie (2 damage)
             ... on level 2 of the Dungeon.
             The game lasted 00:01:33 (762 turns).

jackrogers the Slasher (Vampire Abyssal Knight)      Turns: 762, Time: 00:01:34

Health: 0/25       AC:  3    Str: 12    XL:     3   Next: 39%
Magic:  4/4        EV: 12    Int: 14    God:    Lugonu [**....]
Gold:   43         SH:  0    Dex: 13    Spells: 2/2 levels left

rFire    . . .     SeeInvis +   j - +0 dagger (drain)
rCold    . . .     Faith    .   (no shield)
rNeg     . . .     Spirit   .   b - +0 leather armour
rPois    .         Reflect  .   (no helmet)
rElec    .         Harm     .   (no cloak)
rCorr    .         Rampage  .   (no gloves)
Will     .....                  (no boots)
Stlth    +.........             (no amulet)
HPRegen  0.28/turn              (no ring)
MPRegen  0.09/turn              (no ring)

@: regenerating quickly
A: fangs 3, see invisible, [frail 1], unbreathing
a: Exsanguinate, Renounce Religion, Depart the Abyss, Bend Space


You were on level 2 of the Dungeon.
You worshipped Lugonu.
Lugonu was pleased with you.
You visited 1 branch of the dungeon, and saw 2 of its levels.
You visited the Abyss 1 time.

You collected 43 gold pieces.

Inventory:

Hand Weapons
 a - a +1 falchion
 j - a +0 dagger of draining (weapon)
   (You took it off a goblin on level 1 of the Dungeon)
Armour
 b - a +0 leather armour (worn)
Jewellery
 e - an uncursed ring of wizardry {unknown}
   (You found it on level 1 of the Dungeon)
Scrolls
 c - a scroll of amnesia
 f - 2 scrolls of identify
 h - a scroll of teleportation
Potions
 d - a potion of lignification {unknown}
 i - a potion of flight


   Skills:
 - Level 2.6 Fighting
 + Level 3.9 Long Blades
 - Level 0.7 Armour
 - Level 2.1 Dodging
 - Level 1.5 Invocations


You had 2 spell levels left.
You didn't know any spells.
Your spell library was empty.

Dungeon Overview and Level Annotations

Branches:
Dungeon (2/15)

Altars:


Innate Abilities, Weirdness & Mutations

Your natural rate of healing is unusually fast.
You have razor-sharp teeth.
You have supernaturally acute eyesight. (SInv)
You can survive without breathing.
[You are frail. (-10% HP)]


Message History

There is a stone staircase leading up here.
You open the door.
A kobold comes into view.
The kobold shouts!
You hear a shout!
A kobold is nearby!
A kobold is nearby!
A hobgoblin comes into view. It is wielding a +0 club.
The hobgoblin shouts!
The kobold hits you.
There is an open door here.
You hit the kobold but do no damage. You drain the kobold. You bite the kobold.
You kill the kobold!
Lugonu accepts your kill.
You see here a kobold corpse.
A hobgoblin is nearby!
The hobgoblin barely misses you.
You barely miss the hobgoblin.
The hobgoblin hits you but does no damage.
You barely miss the hobgoblin. The hobgoblin hits you with a +0 club.
You hit the hobgoblin.
A kobold comes into view. It is wielding a +0 dagger.
The hobgoblin hits you but does no damage.
You barely miss the hobgoblin.
The kobold shouts!
You bite the hobgoblin.
You kill the hobgoblin!
Lugonu accepts your kill.
The kobold throws a stone.
The stone barely misses you.
The kobold throws a stone.
The stone hits you but does no damage.
You see here a stone.
The kobold completely misses you.
You closely miss the kobold. The kobold hits you but does no damage.
You hit the kobold but do no damage. You hit the kobold but do no damage.
You drain the kobold.
You kill the kobold!
Lugonu accepts your kill.
No target in view!
No target in view!
Things that are here:
a +0 dagger; 3 stones; a kobold corpse A goblin comes into view.
A goblin is nearby!
A goblin is nearby!
A goblin is nearby!
The goblin shouts!
You hear an angry hiss.
You hear a shout!
The goblin barely misses you.
You hit the goblin but do no damage. You drain the goblin. You bite the goblin.
You kill the goblin!
Lugonu accepts your kill.
A hobgoblin comes into view. It is wielding a +0 club.
A hobgoblin comes into view. It is wielding a +0 club.
The hobgoblin shouts!
A leopard gecko comes into view.
The leopard gecko hisses angrily.
You hit the hobgoblin. You drain the hobgoblin.
The hobgoblin hits you but does no damage.
An adder zombie comes into view.
You hit the hobgoblin. The hobgoblin closely misses you.
You hit the hobgoblin but do no damage. The hobgoblin completely misses you.
You hit the hobgoblin but do no damage. The hobgoblin hits you with a +0 club.
You hit the hobgoblin.
You kill the hobgoblin!
Lugonu accepts your kill.
You closely miss the hobgoblin. The hobgoblin hits you with a +0 club.
You closely miss the hobgoblin. The hobgoblin hits you with a +0 club.
You are too injured to fight recklessly!
You are too injured to fight recklessly!
You are too injured to fight recklessly!
You are too injured to fight recklessly!
You are too injured to fight recklessly!
You are too injured to fight recklessly!
You are too injured to fight recklessly!
You are too injured to fight recklessly!
You are too injured to fight recklessly!
You hit the hobgoblin but do no damage. You hit the hobgoblin.
You drain the hobgoblin.
The hobgoblin hits you but does no damage.
You hit the hobgoblin but do no damage. You drain the hobgoblin.
You kill the hobgoblin!
Lugonu accepts your kill.
You can now bend space around yourself.
A bat comes into view.
The leopard gecko bites you. x2
* * * LOW HITPOINT WARNING * * *
Items here: )) ††.
You hit the leopard gecko. You drain the leopard gecko.
Your bite misses the leopard gecko. The leopard gecko misses you.
You hit the leopard gecko.
You kill the leopard gecko!
Lugonu accepts your kill.
You hit the adder zombie but do no damage.
The adder zombie closely misses you.
You barely miss the adder zombie. The adder zombie closely misses you.
You hit the adder zombie but do no damage.
The adder zombie bites you.
* * * LOW HITPOINT WARNING * * *
You hit the adder zombie. The adder zombie bites you.
* * * LOW HITPOINT WARNING * * *
You closely miss the adder zombie. The adder zombie bites you.
You die...

##.....
.......##
........
#.....#####
+.....+... .
#.....#..# ...
#..!.#..#
.....#####.#..#
......Z@......#
#####.####.##.#
# #.##.# #.##.#
#.##.# #)##.#
######.##.##
............#
.#####..()..#


You could see an adder zombie.

Vanquished Creatures
  An ooze (D:1)
  2 dart slugs (D:1)
  A leopard gecko (D:2)
  3 bats (D:1)
  A giant cockroach (D:1)
  7 hobgoblins
  2 jackals (D:1)
  2 kobolds (D:2)
  A frilled lizard (D:1)
  6 goblins
  A jackal zombie (D:1)
  A quokka zombie (D:1)
  3 rats (D:1)
31 creatures vanquished.

Notes
Turn   | Place    | Note
-------+----------+-------------------------------------------
     0 | Abyss:1  | jackrogers the Vampire Abyssal Knight began the quest for
                  | the Orb.
     0 | Abyss:1  | Reached XP level 1. HP: 17/17 MP: 2/2
    21 | D:1      | Escaped the Abyss
   135 | D:1      | Reached XP level 2. HP: 8/23 MP: 3/3
   265 | D:1      | Reached skill level 3 in Long Blades
   443 | D:1      | Reached XP level 3. HP: 24/24 MP: 4/4
   754 | D:2      | Reached ** piety under Lugonu
   760 | D:2      | HP: 5/25 [adder zombie (4)]
   761 | D:2      | HP: 2/25 [adder zombie (3)]
   762 | D:2      | Slain by an adder zombie

Illustrated notes

Levels and vault maps discovered:
D:1:      saegor_arrival_fortress, layout_rooms
D:2:      minmay_wonky_spiral, layout_basic

Skill      XL: |  1  2 |
---------------+-------+-----
Long Blades    | 3 |  3.9
Fighting       | |  2.6
Armour         | |  0.7
Dodging        | |  2.1
Invocations    | |  1.5

Action                   || total
-------------------------++-------
Melee: Falchion          ||    51
       Bite              ||    11
       Dagger            ||    32
 Abil: Exsanguinate      ||     1
       Revivify          ||     1
  Use: Scroll            ||     4
 Stab: Sleeping          ||     1
Armor: Leather armour    ||    29
Dodge: Dodged            ||    54
       Rpst.: Falchion   ||    17

Table legend: (Time is in decaauts)
 A = Elapsed time spent in this place.
 B = Non-inter-level travel time spent in this place.
 C = Inter-level travel time spent in this place.
 D = Time resting spent in this place.
 E = Time spent auto-exploring this place.
 F = Levels seen in this place.
 G = Mean time per level.
                   A        B        C        D        E       F      G
               +--------+--------+--------+--------+--------+-----+--------+
         Total |    765 |    743 |     22 |     44 |    512 |   3 |  255.0 |
       Dungeon |    744 |    722 |     22 |     44 |    494 |   2 |  372.0 |
         Abyss |     21 |     21 |      0 |      0 |     18 |   1 |   21.0 |
               +--------+--------+--------+--------+--------+-----+--------+

Top non-repeatable levels by time:
     D:1: 695 daAuts
     D:2: 48 daAuts
 Abyss:1: 21 daAuts

Table legend:
 A = Kills in this place as a percentage of kills in entire the game.
 B = Kills by you in this place as a percentage of kills by you in the entire game.
 C = Kills by friends in this place as a percentage of kills by friends in the entire game.
 D = Other kills in this place as a percentage of other kills in the entire game.
 E = Experience gained in this place as a percentage of experience gained in the entire game.
 F = Experience gained in this place divided by the number of levels of this place that you have seen.
                   A       B       C       D       E      F
               +-------+-------+-------+-------+-------+----------------------
         Total | 100.0 | 100.0 |   N/A |   N/A | 100.0 |  21.0
       Dungeon | 100.0 | 100.0 |   N/A |   N/A | 100.0 |  31.5
               +-------+-------+-------+-------+-------+----------------------
